 Dungeon Crawl Stone Soup version 0.24.0-123-gd5b16e6ec5 (webtiles) character file.

Game seed: 9999059406752884130, levelgen mode: deterministic

2090 HawFromDerth the Covert (level 9, -3/44 HPs)
             Began as a Spriggan Assassin on Feb 12, 2020.
             Was an Initiate of Dithmenos.
             Slain by an orc warrior
             ... wielding a +0 long sword
              (11 damage)
             ... on level 7 of the Dungeon.
             The game lasted 00:28:35 (6726 turns).

HawFromDerth the Covert (Spriggan Assassin)         Turns: 6726, Time: 00:28:35

Health: -3/44      AC: 12    Str: 12    XL:     9   Next: 6%
Magic:  10/10      EV: 19    Int: 13    God:    Dithmenos [......]
Gold:   166        SH:  0    Dex: 20    Spells: 8/8 levels left

rFire    . . .     SeeInvis +   A - +3 short sword (protect)
rCold    . . .     Gourm    .   (shield restricted)
rNeg     . . .     Faith    .   b - +0 robe
rPois    .         Spirit   .   (helmet restricted)
rElec    .         Reflect  .   r - +2 cloak
rCorr    .         Harm     .   (gloves unavailable)
MR       +....                  (boots unavailable)
Stlth    ++++......             i - amulet of regeneration
HPRegen  0.54/turn              p - ring of flight
MPRegen  0.12/turn              (no ring)

@: mighty, about to teleport, protection aura, very quick
A: very small, unfitting armour, see invisible, herbivore, speed 3, slow
metabolism 2
a: Renounce Religion, Evoke Flight


You were on level 7 of the Dungeon.
You worshipped Dithmenos.
Dithmenos was noncommittal.
You were not hungry.

You visited 2 branches of the dungeon, and saw 8 of its levels.

You collected 337 gold pieces.
You spent 171 gold pieces at shops.

Inventory:

Hand Weapons
 a - a +4 dagger
 q - a +0 short sword of venom
 A - a +3 short sword of protection (weapon)
Missiles
 d - 54 poisoned darts (quivered)
 e - 7 curare-tipped darts
Armour
 b - a +0 robe (worn)
 r - a +2 cloak (worn)
Jewellery
 h - an uncursed amulet of rage
 i - an amulet of regeneration (around neck)
 l - an uncursed ring of protection from fire
 m - an uncursed ring of wizardry
 p - a ring of flight (left hand)
 t - a +5 ring of strength
 w - an uncursed amulet of harm
Wands
 g - a wand of polymorph (4)
 u - a wand of flame (16)
Scrolls
 c - a scroll of fog
 j - 5 scrolls of teleportation
 n - 2 scrolls of identify
Potions
 v - 2 potions of might
Comestibles
 f - 11 rations


   Skills:
 + Level 3.2(1.6) Fighting
 + Level 6.8(3.4) Short Blades
 + Level 3.7(1.8) Throwing
 + Level 6.4(3.2) Dodging
 * Level 13.2(9.2) Stealth


You had 8 spell levels left.
You didn't know any spells.
Your spell library contained the following spells:

 Spells                   Type           Power        Failure   Level  Hunger
 Animate Skeleton         Necr           N/A          30%         1    ##.....
 Apportation              Tloc           #.....       30%         1    ##.....
 Confusing Touch          Hex            #.....       30%         1    ##.....
 Summon Small Mammal      Summ           #...         30%         1    ##.....


Dungeon Overview and Level Annotations

Branches:
Dungeon (7/15)             Temple (1/1) D:5

Altars:
Ashenzari
Cheibriados
Dithmenos
Elyvilon
Fedhas
Gozag
Hepliaklqana
Kikubaaqudgha
Makhleb
Nemelex Xobeh
Okawaru
Qazlal
Ru
Sif Muna
Trog
Uskayaw
Vehumet
Wu Jian
Xom
Yredelemnul
Zin
The Shining One

Shops:
D:6 (


Innate Abilities, Weirdness & Mutations

You are very small and have problems with some larger weapons.
You are too small for most types of armour.
You have supernaturally acute eyesight. (SInv)
You are a herbivore.
You cover ground extremely quickly.
You need to consume almost no food.


Message History

You kill the orc priest!
Dithmenos accepts your kill.
The orc wizard hits you but does no damage.
You closely miss the orc warrior.
The orc warrior hits you with a +0 long sword.
The orc wizard casts a spell at you. The magic dart hits you.
You closely miss the orc warrior. The orc wizard casts a spell at you.
The puff of frost hits you! The orc warrior completely misses you.
As you read the scroll of teleportation, it crumbles to dust.
You feel strangely unstable.
The orc wizard hits you but does no damage.
The orc warrior hits you with a +0 long sword!
* * * LOW HITPOINT WARNING * * *
Okay, then.
You feel very mighty all of a sudden.
The orc wizard looks encouraged for a moment.
The orc warrior hits you with a +0 long sword!
You die...

#...)...............#
########>.o...............#
#.......o...##o############
#.############.# #.# ###
#.# #.# ..# ###.# #.#.#.#
#§§.# #.#.#.######§### #.#
...#ooo@o# #.###..#o#####
#.o..oo#.# ######(#.##
#....# #.#### ###


You could see an orc warrior, an orc wizard and an orc.

Vanquished Creatures
  A hornet (D:6)
  Grinder (D:4)
  2 ice beasts
  A sky beast (D:6)
  An orc warrior (D:6)
  A phantom (D:4)
  A centaur (D:6)
  2 ogres (D:5)
  A bullfrog (D:6)
  A scorpion (D:4)
  3 howler monkeys (D:7)
  A centaur zombie (D:6)
  A crimson imp (D:5)
  3 hounds
  A jelly (D:5)
  3 orc wizards
  2 orc priests
  A centaur skeleton (D:6)
  An iguana (D:5)
  4 worker ants
  A hound skeleton (D:4)
  A worker ant zombie (D:5)
  9 adders
  3 shadow imps
  2 oozes
  2 adder skeletons
  4 worms
  3 dart slugs
  10 leopard geckos
  8 orcs
  A ball python (D:2)
  A giant cockroach (D:2)
  6 goblins
  5 hobgoblins
  3 jackals (D:1)
  16 kobolds
  6 quokkas
  6 bats
  6 frilled lizards
  A jackal zombie (D:5)
  A leopard gecko skeleton (D:4)
  A quokka skeleton (D:4)
  9 rats
137 creatures vanquished.

Notes
Turn   | Place    | Note
-------+----------+-------------------------------------------
     0 | D:1      | HawFromDerth the Spriggan Assassin began the quest for the
                  | Orb.
     0 | D:1      | Reached XP level 1. HP: 10/10 MP: 2/2
    44 | D:1      | Reached skill level 6 in Stealth
   221 | D:1      | Reached XP level 2. HP: 12/15 MP: 3/3
   528 | D:1      | Reached skill level 7 in Stealth
   773 | D:1      | Reached XP level 3. HP: 18/18 MP: 4/4
  1043 | D:2      | Noticed a +0 hand axe
  1043 | D:2      | Noticed a +0 dagger
  1111 | D:2      | Found a hide-covered altar of Uskayaw.
  1605 | D:2      | Reached XP level 4. HP: 23/23 MP: 5/5
  1641 | D:2      | Reached skill level 8 in Stealth
  2648 | D:3      | Reached XP level 5. HP: 17/26 MP: 6/6
  3048 | D:4      | Noticed a phantom
  3055 | D:4      | Killed a phantom
  3055 | D:4      | Reached skill level 9 in Stealth
  3055 | D:4      | Reached XP level 6. HP: 30/30 MP: 7/7
  3418 | D:4      | Reached skill level 10 in Stealth
  3465 | D:4      | Got a warped ring mail
  3607 | D:4      | Noticed Grinder
  3923 | D:4      | Paralysed by Grinder for 3 turns
  3930 | D:4      | Paralysed by Grinder for 5 turns
  3947 | D:4      | Killed Grinder
  3947 | D:4      | Reached XP level 7. HP: 34/35 MP: 8/8
  4090 | D:5      | Entered Level 5 of the Dungeon
  4111 | D:5      | Reached skill level 11 in Stealth
  4202 | D:5      | Found a shattered altar of Ashenzari.
  4297 | D:5      | Became a worshipper of Ashenzari the Shackled
  4476 | D:5      | Reached skill level 5 in Short Blades
  4750 | D:5      | Found a staircase to the Ecumenical Temple.
  4786 | D:5      | Reached XP level 8. HP: 39/39 MP: 9/9
  4820 | Temple   | Entered the Ecumenical Temple
  4845 | Temple   | Fell from the grace of Ashenzari
  4851 | Temple   | Became a worshipper of Dithmenos the Shadowed
  5454 | D:6      | Noticed a hornet
  5460 | D:6      | Paralysed by a hornet for 1 turns
  5461 | D:6      | Killed a hornet
  5461 | D:6      | Reached skill level 5 in Dodging
  5461 | D:6      | Reached skill level 12 in Stealth
  5809 | D:6      | Found Keewkisoj's Weapon Shoppe.
  5859 | D:6      | Bought a +2 short sword of protection for 171 gold pieces
  6293 | D:6      | Reached skill level 13 in Stealth
  6626 | D:7      | Reached XP level 9. HP: 39/44 MP: 10/10
  6726 | D:7      | Slain by an orc warrior

Levels and vault maps discovered:
D:1:      minmay_arrival_jagged, layout_basic, minivault_27,
          roderic_serpentine_path, minmay_misc_feat_chi, minmay_door_square,
          chequers_serial_rivers_small_a
D:2:      layout_loops_ring, dancing_weapons_uskayaw, nrook_mini_backslash,
          minmay_bisected
D:3:      layout_basic, first_ration
D:4:      layout_gridville, uniq_grinder
D:5:      layout_gridville, temple_hall, basic_altar, grunt_ministairs_15,
          serial_bayou_lagoon_b
D:6:      layout_loops_corners, serial_shops, shop
D:7:      layout_basic, basic_altar
Temple:   minmay_crystal_snake_temple

Skill      XL: |  1  2  3  4  5  6  7  8 |
---------------+-------------------------+-----
Stealth        | 6 7 8 9 10 11 13 | 13.2
Dodging        | 2 3 4 6 |  6.4
Short Blades   | 3 4 5 6 |  6.8
Fighting       | 2 3 |  3.2
Throwing       | 3 |  3.7

Action                   |  1- 3 |  4- 6 |  7- 9 || total
-------------------------+-------+-------+-------++-------
Melee: Dagger            |   168 |   112 |       ||   280
       Short sword       |       |    23 |   262 ||   285
Throw: Dart              |       |    24 |    24 ||    48
Invok: Curse Item        |       |       |     1 ||     1
       Renounce Religion |       |       |     1 ||     1
  Use: Scroll            |     5 |     6 |     4 ||    15
       Potion            |     4 |     4 |     6 ||    14
 Stab: Sleeping          |    14 |    17 |    15 ||    46
  Eat: Ration            |       |     1 |     1 ||     2
Armor: Robe              |    19 |    24 |    37 ||    80
Dodge: Dodged            |   104 |   109 |   184 ||   397
